AoeStats
← Swarm

Arena

510616603Analyzed
1v1 RM · 16h ago on Oct 1, 2026· 67m 12s· 2 players
Game mode
Random Map
Map size
Tiny (2 player)
Population
200
Speed
Normal
Resources
Standard
Victory
Conquest
Starting age
Dark Age
Ending age
Imperial Age
RankedLock teamsTeams togetherTeam positionsShared explorationLock speedFull tech treeHidden civsTurbo modeCheats
Victory
Defeat
🇨🇱 Sicilians · Chile
1287
+16
🇩🇪 Bohemians · Germany
1287
-16
Magneton_
10:45 Feudal Age
14:25 Castle Age
13:30 Forging
13:14 Double-Bit Axe
13:10 Horse Collar
17:05 Fervor
18:06 Bow Saw
18:08 Heavy Plow
22:00 Gold Mining
22:46 Town Watch
27:17 Imperial Age
24:35 Loom
26:49 Gold Shaft Mining
26:35 Fletching
26:45 Padded Archer Armor
26:26 Elite Skirmisher
27:34 Crossbowman
28:47 Conscription
29:55 Wheelbarrow
30:06 Ballistics
30:17 Bodkin Arrow
30:37 Leather Archer Armor
31:53 Chemistry
31:04 Masonry
31:43 Bracer
31:10 Arbalester
32:30 Scale Mail Armor
32:39 Scale Barding Armor
33:10 Iron Casting
32:54 Murder Holes
33:53 Scale Mail Armor
34:13 Chain Barding Armor
35:06 Bloodlines
34:57 Husbandry
34:19 Cavalier
36:02 Blast Furnace
34:34 Capped Ram
35:27 Light Cavalry
37:05 Chain Mail Armor
37:25 Plate Barding Armor
37:09 Chain Mail Armor
37:19 Hand Cart
37:06 Town Patrol
40:15 Crop Rotation
41:17 Plate Mail Armor
43:59 Guilds
44:20 Hauberk
48:18 Siege Engineers
51:14 Hoardings
53:50 Sappers
55:01 Sanctity
58:53 Elite Serjeant
59:55 First Crusade
Swarm
10:45 Feudal Age
15:15 Castle Age
13:33 Double-Bit Axe
13:55 Horse Collar
16:27 Bow Saw
16:53 Heavy Plow
23:26 Wheelbarrow
24:42 Fervor
28:46 Imperial Age
27:55 Chemistry
27:32 Hand Cart
27:03 Loom
27:45 Scale Mail Armor
27:12 Pikeman
29:11 Masonry
30:46 Two-Man Saw
30:41 Architecture
30:58 Squires
31:16 Chain Mail Armor
31:25 Conscription
31:51 Ballistics
33:30 Plate Mail Armor
33:11 Forging
34:09 Halberdier
35:35 Siege Engineers
35:27 Murder Holes
35:18 Arrowslits
35:53 Houfnice
38:25 Iron Casting
37:41 Fletching
40:40 Wagenburg Tactics
43:41 Guard Tower
43:49 Bodkin Arrow
44:56 Blast Furnace
43:52 Bodkin Arrow
Connection lost

Rejoining the realm…

Still unreachable

The connection could not be restored.

Session expired

The server has moved on; the page needs a fresh start.